 Dungeon Crawl Stone Soup version 0.20.1-1-g8b1a95d (webtiles) character file.

1921 Irenicus the Cleaver (level 8, -17/66 HPs)
             Began as a Deep Dwarf Necromancer on Nov 3, 2017.
             Was an Initiate of Makhleb.
             Killed from afar by Psyche (18 damage)
             ... with a wand of lightning (?/15)
             ... on level 8 of the Dungeon.
             The game lasted 00:25:08 (5026 turns).

Irenicus the Cleaver (Deep Dwarf Necromancer)       Turns: 5026, Time: 00:25:09

Health: -17/66     AC:  5    Str: 13    XL:     8   Next: 96%
Magic:  14/14      EV: 12    Int: 15    God:    Makhleb [......]
Gold:   275        SH:  0    Dex: 15    Spells: 10/15 levels left

rFire    . . .     SeeInvis .   u - +0 hand axe
rCold    . . .     Gourm    .   (no shield)
rNeg     . . .     Faith    .   w - +1 leather armour
rPois    .         Spirit   .   (no helmet)
rElec    .         Reflect  .   (no cloak)
rCorr    +         Harm     .   q - +0 pair of gloves
MR       +....                  (no boots)
Stlth    ++........             (no amulet)
Regen    0.0/turn               l - ring of resist corrosion
MPRegen  0.2/turn               (no ring)

@: non-regenerating
A: damage resistance, heal wounds, sense surroundings 1, no regeneration
a: Heal Wounds, Renounce Religion


You were on level 8 of the Dungeon.
You worshipped Makhleb.
Makhleb was noncommittal.
You were not hungry.

You visited 2 branches of the dungeon, and saw 9 of its levels.

You collected 275 gold pieces.

Inventory:

Hand Weapons
 f - a +1 mace of protection
 u - a +0 hand axe (weapon)
Armour
 a - a +0 robe
 d - the +1 ring mail of the Pit {rPois Regen+ rCorr Int-4}
   (You found it on level 6 of the Dungeon)

   It affects your intelligence (-4).
   It protects you from poison.
   It increases your rate of regeneration.
   It protects you from acid and corrosion.
 q - a +0 pair of gloves (worn)
 w - a +1 leather armour (worn)
Jewellery
 l - a ring of resist corrosion (left hand)
 K - an uncursed ring of fire
Wands
 h - a wand of enslavement (14/24)
 I - a wand of random effects (9/48)
 L - a wand of lightning (8/15)
Scrolls
 e - 3 scrolls of remove curse
 k - 2 scrolls of recharging
 n - a scroll of amnesia {unknown}
 o - 3 scrolls of enchant armour
 r - a scroll of fog {unknown}
 x - 2 scrolls of fear
 y - 2 scrolls of teleportation
 A - 3 scrolls of immolation {unknown}
 C - a scroll of enchant weapon {unknown}
 D - a scroll of blinking {unknown}
 J - a scroll of identify
Potions
 g - 2 potions of heal wounds
 i - a potion of mutation
 s - 8 potions of curing
 t - 2 potions of brilliance
 v - a potion of might
 z - 2 potions of haste
 B - a potion of agility
 F - a potion of magic
 G - a potion of cancellation
Books
 b - a book of Necromancy

   Spells                             Type                      Level
   a - Pain                           Necromancy                   1
   b - Animate Skeleton               Necromancy                   1
   c - Vampiric Draining              Necromancy                   3
   d - Regeneration                   Charms/Necromancy            3
   e - Animate Dead                   Necromancy                   4
   f - Control Undead                 Necromancy                   4
 E - a Young Poisoner's Handbook

   Spells                             Type                      Level
   a - Sting                          Conjuration/Poison           1
   b - Poisonous Vapours              Poison/Air                   2
   c - Mephitic Cloud                 Conjuration/Poison/Air       3
   d - Olgreb's Toxic Radiance        Poison                       4
   e - Venom Bolt                     Conjuration/Poison           5
Comestibles
 c - 5 bread rations
 j - 9 fruits
 m - 5 royal jellies
 p - 7 meat rations


   Skills:
 + Level 1.6 Fighting
 - Level 11.0 Axes
 - Level 0.2(6.3) Maces & Flails
 - Level 2.1 Dodging
 - Level 2.4 Stealth
 - Level 4.0 Spellcasting
 - Level 5.0 Necromancy
 - Level 1.1 Evocations


You had 10 spell levels left.
You knew the following spells:

 Your Spells              Type           Power        Failure   Level  Hunger
a - Pain                  Necr           ###.         3%          1    None
b - Animate Skeleton      Necr           N/A          3%          1    None
e - Vampiric Draining     Necr           ###.......   9%          3    ###....


Dungeon Overview and Level Annotations

Branches:
Dungeon (8/15)             Temple (1/1) D:6
   Lair: D:8-11

Altars:
Ashenzari
Cheibriados
Dithmenos
Elyvilon
Fedhas
Gozag
Hepliaklqana
Kikubaaqudgha
Makhleb
Nemelex Xobeh
Okawaru
Qazlal
Ru
Sif Muna
Trog
Uskayaw
Vehumet
Xom
Yredelemnul
Zin
The Shining One

Annotations:
D:7 Prince Ribbit
D:8 Psyche


Innate Abilities, Weirdness & Mutations

You are resistant to damage.
You can heal yourself by infusing magical energy.
You passively map a small area around you.
You do not regenerate.


Message History

There are no items here.
Casting: Vampiric Draining
Confirm with . or Enter, or press ? or * to list all spells.
Aiming: Vampiric Draining
Press: ? - help, Shift-Dir - straight line, f - giant cockroach
Aim: a giant cockroach (clinging)
You kill the giant cockroach!
Makhleb accepts your kill.
You feel life coursing into your body.
Found 25 stones.
You see here 25 stones.
Found 6 poisoned needles.
Psyche the Insane Magess comes into view.
She is wielding a dagger of chaos.
Psyche shouts!
Psyche casts a spell at you. The puff of flame hits you!
* * * LOW HITPOINT WARNING * * *
You see here a scroll of identify.
Psyche zaps a wand.
The bolt of lightning hits you!
You die...

#......... * , ,*,
#........# , ,
,#.......@##.....##
*
+......?..#.......
, *
#.........#.......
* ,
#.(.......#.......
, #.........#.....,
, , #.##+#+#..#...#
+ ,, # #.@#†..#...
** ,, * #..........
, * #.############
, * ,
#<...........#,,, *
* ,#.##########.# *
, , #..(.........#
,, ##############,*
, * ,


You could see Psyche.

Vanquished Creatures
  A water moccasin (D:5)
  3 ice beasts
  A sky beast (D:7)
  A phantom (D:7)
  A centaur (D:5)
  4 bullfrogs
  2 scorpions (D:7)
  2 howler monkeys
  A crimson imp (D:5)
  A centaur skeleton (D:5)
  4 orc priests
  A bullfrog skeleton (D:5)
  2 hounds
  2 orc wizards (D:5)
  2 worker ants
  10 adders
  7 gnolls
  An ooze (D:4)
  An adder zombie (D:5)
  A worm (D:2)
  2 dart slugs (D:2)
  4 leopard geckos
  12 orcs
  A ball python (D:1)
  9 giant cockroaches
  7 hobgoblins
  7 jackals
  6 kobolds
  A quokka (D:2)
  A ball python skeleton (D:4)
  12 bats
  2 frilled lizards
  14 goblins
  A leopard gecko skeleton (D:5)
  6 rats
133 creatures vanquished.

Vanquished Creatures (collateral kills)
  A black bear (D:6)
  An orc wizard (D:5)
  An orc priest (D:5)
  A gnoll (D:7)
  An orc (D:5)
  A jackal (D:7)
6 creatures vanquished.

Vanquished Creatures (others)
  A centaur (D:7)
  A bullfrog (D:6)
  2 gnolls (D:6)
4 creatures vanquished.

Grand Total: 143 creatures vanquished

Notes
Turn   | Place    | Note
-------+----------+-------------------------------------------
     0 | D:1      | Irenicus the Deep Dwarf Necromancer began the quest for the Orb.
     0 | D:1      | Reached XP level 1. HP: 15/15 MP: 3/3
    30 | D:1      | Learned a level 1 spell: Animate Skeleton
   184 | D:1      | Reached XP level 2. HP: 17/22 MP: 1/4
   379 | D:1      | Reached skill level 5 in Necromancy
   562 | D:2      | Reached XP level 3. HP: 18/28 MP: 1/6
   662 | D:2      | Learned a level 3 spell: Vampiric Draining
   854 | D:2      | Reached XP level 4. HP: 29/36 MP: 0/8
   869 | D:2      | Found a hide-covered altar of Uskayaw.
  1391 | D:3      | Noticed an angel
  1392 | D:3      | Found a glowing silver altar of Zin.
  1563 | D:3      | Found a radiant altar of Vehumet.
  1766 | D:4      | Reached XP level 5. HP: 40/42 MP: 4/11
  1789 | D:4      | Reached skill level 1 in Axes
  1901 | D:4      | Reached skill level 2 in Axes
  1901 | D:4      | Reached skill level 1 in Evocations
  2022 | D:4      | Reached skill level 3 in Axes
  2221 | D:4      | Found a sacrificial altar of Ru.
  2338 | D:5      | Entered Level 5 of the Dungeon
  2356 | D:5      | Noticed a centaur
  2365 | D:5      | Killed a centaur
  2365 | D:5      | Reached skill level 4 in Axes
  2365 | D:5      | Reached XP level 6. HP: 46/49 MP: 3/12
  2418 | D:5      | Noticed an ice beast
  2429 | D:5      | Killed an ice beast
  2429 | D:5      | Reached skill level 5 in Axes
  2512 | D:5      | Reached XP level 7. HP: 45/55 MP: 8/13
  2559 | D:5      | Reached skill level 6 in Axes
  3133 | D:5      | Reached skill level 7 in Axes
  3490 | D:6      | Found a shattered altar of Ashenzari.
  3606 | D:6      | Found a staircase to the Ecumenical Temple.
  3625 | D:6      | Reached skill level 8 in Axes
  3791 | D:6      | Reached XP level 8. HP: 12/62 MP: 2/14
  3829 | D:6      | HP: 1/62 [gnoll/spear of piercing (7)]
  3884 | Temple   | Entered the Ecumenical Temple
  3891 | Temple   | Became a worshipper of Makhleb the Destroyer
  4022 | D:6      | Reached skill level 9 in Axes
  4125 | D:6      | Got a spiked ring mail
  4136 | D:6      | Identified the +1 ring mail of the Pit {rPois Regen+ rCorr Int-4} (You found it on level 6 of the Dungeon)
  4282 | D:7      | Reached skill level 10 in Axes
  4404 | D:7      | Noticed Prince Ribbit
  4423 | D:7      | Found a shadowy altar of Dithmenos.
  4562 | D:7      | Reached skill level 11 in Axes
  4673 | D:7      | Reached skill level 1 in Fighting
  4755 | D:6      | HP: 1/64 [gnoll (5)]
  5021 | D:8      | Noticed Psyche
  5021 | D:8      | HP: 1/66 [Psyche/puff of flame (6)]
  5026 | D:8      | Killed from afar by Psyche

Skill      XL: |  1  2  3  4  5  6  7  8 |
---------------+-------------------------+-----
Spellcasting   | 2 3 4 |  4.0
Necromancy     | 5 |  5.0
Axes           | 4 5 8 11 | 11.0
Evocations     | 1 |  1.1
Fighting       | 1 |  1.6
Maces & Flails | |  0.2
Dodging        | |  2.1
Stealth        | |  2.4

Action                   |  1- 3 |  4- 6 |  7- 9 || total
-------------------------+-------+-------+-------++-------
Melee: Unarmed           |    17 |       |       ||    17
       Mace              |    73 |   152 |    61 ||   286
       Dagger            |     7 |       |       ||     7
       Hand axe          |       |     2 |   122 ||   124
 Cast: Pain              |    36 |    21 |    13 ||    70
       Animate Skeleton  |     1 |       |     7 ||     8
       Vampiric Draining |     3 |    27 |    65 ||    95
Evoke: Wand              |       |       |    10 ||    10
  Use: Scroll            |       |       |    14 ||    14
       Potion            |       |       |     1 ||     1
 Stab: Sleeping          |     2 |     4 |       ||     6
  Eat: Chunk             |     1 |     8 |    13 ||    22
       Fruit             |       |       |     2 ||     2
Armor: Robe              |    40 |    11 |       ||    51
       Leather armour    |       |    62 |    44 ||   106
Dodge: Dodged            |   114 |   136 |   129 ||   379
